 Dungeon Crawl Stone Soup version 0.30.0-29-ga12c61a403 (webtiles) character file.

Game seed: 2435100093796945199

83587 Peloso the Peltast (level 15, -7/137 HPs)
             Began as a Minotaur Fighter on June 16, 2023.
             Was the Champion of Okawaru.
             Mangled by a green death (20 damage)
             ... on level 3 of the Abyss.
             The game lasted 00:48:59 (21666 turns).

Peloso the Peltast (Minotaur Fighter)              Turns: 21666, Time: 00:48:59

Health: -7/137     AC: 24    Str: 25 (26) XL:     15   Next: 32%
Magic:  13/13      EV: 11    Int:  0 (1)  God:    Okawaru [******]
Gold:   2413       SH: 21    Dex:  9 (11) Spells: 14/14 levels left

rFire   . . .        a - +10 falchion of Yesterday {spect, rElec rC+ Dex+3 Stlth-}
rCold   + + .        d - +2 kite shield {rC+}
rNeg    . . .        y - +6 chain mail of Trial and Error {Regen+}
rPois   .            O - +1 hat of Inviolability {+Inv}
rElec   +            G - +2 cloak {rCorr}
rCorr   +            s - +1 pair of gloves
SInv    .            W - +1 pair of boots {Stlth+}
Will    +....        A - amulet of reflection Stlth
                     l - ring of flight
HPRegen 0.00/turn    Q - ring of resist corrosion
MPRegen 0.13/turn

%: random rage (3%), reflection
@: lethally poisoned (-7 -> -12), on berserk cooldown, sick, flying, slowed,
lost intelligence, unable to read, very slow
A: horns 2, retaliatory headbutt, low MP 1, [berserk 1], [clumsy 2], [deformed
body], [deterioration 2], [dopey 2], ([teleportitis 1]), [inability to read
after injury 2]
a: Renounce Religion, Evoke Invisibility, Heroism, Finesse, Duel


You were on level 3 of the Abyss.
You worshipped Okawaru.
Okawaru was exalted by your worship.
You visited 4 branches of the dungeon, and saw 21 of its levels.
You visited the Abyss 2 times.
You also visited: Sewer, Ossuary and Ice Cave.

You collected 2593 gold pieces.
You spent 180 gold pieces at shops.

Inventory:

Hand Weapons
 a - the +10 falchion of Yesterday (weapon) {spect, rElec rC+ Dex+3 Stlth-}
   (You found it on level 3 of the Lair of Beasts)

   Dex:       It affects your dexterity (+3).
   rC:        It protects you from cold.
   rElec:     It insulates you from electricity.
   Stlth:     It makes you less stealthy.
 b - the +4 falchion "Seunyp" {flame, rPois Dex+3}
   (You found it on level 2 of the Dungeon)

   Dex:       It affects your dexterity (+3).
   rPois:     It protects you from poison.
 c - a +1 falchion of flaming
 T - a +1 demon whip of freezing
Armour
 d - a +2 kite shield of cold resistance (worn)
 s - a +1 pair of gloves (worn)
 y - the +6 chain mail of Trial and Error (worn) {Regen+}
   (You found it on level 3 of the Dungeon)

   Regen:     It increases your rate of health regeneration.
 G - a +2 cloak of preservation (worn)
 H - quicksilver dragon scales
 L - the +1 plate armour "Dojuef" {rF+ Will+ Dex+4 SInv}
   (You found it on level 8 of the Dungeon)

   Dex:       It affects your dexterity (+4).
   rF:        It protects you from fire.
   SInv:      It lets you see invisible.
   Will:      It increases your willpower.
 O - the +1 hat of Inviolability (worn) {+Inv}
   (Okawaru gifted it to you on level 3 of the Lair of Beasts)

   +Inv:      It lets you turn invisible.
 R - a +1 cloak of cold resistance
 S - +0 ice dragon scales
 W - a +1 pair of boots of stealth (worn)
Jewellery
 h - an amulet of guardian spirit
 l - a ring of flight (left hand)
 A - an amulet of reflection (around neck)
 Q - a ring of resist corrosion (right hand)
 X - a +6 ring of intelligence
Wands
 i - a wand of charming (15)
 m - a wand of flame (18)
 w - a wand of roots (32)
 x - a wand of digging (5)
 C - a wand of polymorph (16)
 D - a wand of light (15)
Scrolls
 e - 5 scrolls of magic mapping
 j - 2 scrolls of silence
 k - 5 scrolls of fear
 n - 9 scrolls of enchant weapon
 p - 6 scrolls of teleportation
 r - 5 scrolls of poison
 t - 4 scrolls of blinking
 E - 3 scrolls of amnesia
 I - 2 scrolls of noise
 J - 2 scrolls of fog
 M - 3 scrolls of identify
 N - 3 scrolls of enchant armour
Potions
 f - 9 potions of curing
 g - 2 potions of might
 o - 4 potions of heal wounds
 q - 3 potions of brilliance
 u - 2 potions of magic
 v - a potion of berserk rage
 z - 2 potions of flight
 B - 4 potions of haste
 F - 5 potions of cancellation
 K - 5 potions of mutation
 V - a potion of resistance {unknown}
Miscellaneous
 P - a condenser vane
 U - a phantom mirror


   Skills:
 + Level 13.6 Fighting
 + Level 16.6 Long Blades
 + Level 13.8 Armour
 + Level 8.3 Dodging
 + Level 4.0 Stealth
 + Level 19.0 Shields
 + Level 2.0 Invocations


You had 14 spell levels left.
You didn't know any spells.
Your spell library contained the following spells:

 Spells                   Type           Power      Damage    Failure   Level
 Kiss of Death            Conj/Necr      0%         2d5       98%         1
 Magic Dart               Conj           0%         1d3       98%         1
 Blink                    Tloc           0%         N/A       99%         2
 Ensorcelled Hibernation  Hex/Ice        0%         N/A       99%         2
 Lesser Beckoning         Tloc           0%         N/A       99%         2
 Momentum Strike          Conj/Tloc      0%         3d8       99%         2
 Searing Ray              Conj           0%         2d4       99%         2
 Static Discharge         Conj/Air       0%         2-2/arc   99%         2
 Confusing Touch          Hex            0%         N/A       100%        3
 Frozen Ramparts          Ice            0%         1d1       100%        3
 Ozocubu's Armour         Ice            0%         N/A       100%        3
 Portal Projectile        Hex/Tloc       0%         N/A       100%        3
 Spider Form              Tmut/Pois      0%         N/A       100%        3
 Airstrike                Air            0%         2d(0-16)  100%        4
 Anguish                  Hex/Necr       0%         N/A       100%        4
 Dispel Undead            Necr           0%         3d6       100%        4
 Fulminant Prism          Conj/Hex       0%         3d5       100%        4
 Ice Form                 Ice/Tmut       0%         N/A       100%        4
 Leda's Liquefaction      Hex/Erth       0%         N/A       100%        4
 Metabolic Englaciation   Hex/Ice        0%         N/A       100%        5
 Ozocubu's Refrigeration  Ice            0%         4d7       100%        7
 Call Canine Familiar     Summ           Unusable   N/A       N/A         3
 Summon Ice Beast         Ice/Summ       Unusable   N/A       N/A         4
 Summon Lightning Spire   Summ/Air       Unusable   N/A       N/A         4
 Simulacrum               Ice/Necr       Unusable   N/A       N/A         6

Dungeon Overview and Level Annotations

Branches:
Dungeon (14/15)            Temple (1/1) D:4            Lair (4/5) D:10
 Shoals (0/4) Lair:2        Snake (0/4) Lair:2          Orc (2/2) D:12
    Elf (0/3) Orc:2        Vaults (0/5) D:13          Sewer (visited)
Ossuary (visited)           IceCv (visited)
  Slime: Lair:4-5

Altars:
Ashenzari
Cheibriados
Dithmenos
Fedhas
Gozag
Hepliaklqana
Kikubaaqudgha
Nemelex Xobeh
Okawaru
Qazlal
Ru
Sif Muna
Trog
Uskayaw
Vehumet
Wu Jian
Xom
Yredelemnul
Zin
The Shining One

Shops:
D:1 (   Orc:2 !**[

Portals:
Abyss: D:13

Annotations:
D:13 2 transporters, IndexError's ghost, journeyman MiFi


Innate Abilities, Weirdness & Mutations

You have a pair of horns on your head.
You reflexively headbutt those who attack you in melee.
Your magical capacity is low. (-10% MP)
[You sometimes lose your temper in combat.]
[You are very clumsy. (Dex -4)]
[Armour fits poorly on your strangely shaped body.]
[Your body often deteriorates upon taking damage.]
[You are very dopey. (Int -4)]
[((You are occasionally teleported next to monsters.))]
[You sometimes lose the ability to read scrolls when taking damage.]


Message History

* * * LOW HITPOINT WARNING * * *
The ufetubus hits you but does no damage.
You block the ufetubus's attack. The green death misses you.
The white imp gestures at you.
The puff of frost hits you but does no damage.
You resist. The starcursed mass closely misses you.
The ufetubus closely misses you. You furiously retaliate!
You headbutt the ufetubus!
You kill the ufetubus!
The ufetubus disappears in a puff of smoke!
You block the starcursed mass's attack.
You feel much better.
You feel very sick. You block the white imp's attack.
The starcursed mass closely misses you. You furiously retaliate!
You headbutt the starcursed mass!
You destroy the starcursed mass!
Okawaru accepts your kill. You block the starcursed mass's attack.
The white imp gestures at you. The puff of frost misses you.
Unknown command.
You slash the green death! Your headbutt misses the green death.
The green death is severely wounded.
You feel sick.
You block the kobold demonologist's attack.
The starcursed mass misses you. The green death gestures at you.
You block poison arrow... and reflect it back!
The poison arrow hits the green death.
The green death partially resists.
The green death is poisoned.
You block the white imp's attack.
Your body is wracked with pain!
* * * LOW HITPOINT WARNING * * *
The kobold demonologist convulses!
You slash the green death!
The green death is almost dead.
You feel sick.
The kobold demonologist barely misses you.
You furiously retaliate!
You headbutt the kobold demonologist. You block the starcursed mass's attack.
The green death hits you!!
You die...

## .... ##
##...# #.# #
. . ...###.#
. ..
.#.#52x# .
#. .#5K@#.#
#
#..#.#X#.#.#
# # ...##
.##### # #
.. X.#X
.###... .
#≈~~ # . .X#
# ... . ≈ ~
## ##.#
#..###'#~# #
# ###
.......# ##~
# #. .##.# #
# ##. ...# #


You could see a starcursed mass, a green death (very poisoned), a kobold
demonologist, a small abomination and 2 white imps.

Vanquished Creatures
  A lich (Abyss:1)
  A tentacled starspawn (Abyss:1)
  A frost giant (IceCv)
  An orc warlord (Orc:2)
  12 starcursed masses
  Harold (D:10)
  2 hydras
  An ogre mage (D:10)
  A vault guard (D:13)
  A rakshasa (Abyss:3)
  Erolcha (D:13)
  5 centaur warriors
  A boulder beetle (Lair:4)
  5 two-headed ogres
  10 death yaks
  A tengu warrior (D:12)
  4 thrashing horrors
  Urug (Orc:2)
  2 wretched stars (Abyss:3)
  A sixfirhy (Abyss:1)
  The ghost of ripuliukko the Thaumaturge, a novice DEEE (D:8)
  A glowing orange brain (Abyss:1)
  A bog body (Lair:4)
  13 orc knights
  3 lindwurms
  A deep elf pyromancer (D:12)
  2 orc sorcerers
  2 ugly things
  2 cyclopes
  A manticore (D:13)
  A moth of wrath (D:8)
  5 black mambas
  Maurice (D:8)
  Joseph (D:8)
  2 elephants (Lair:3)
  2 ice statues
  A demonic crawler (Abyss:3)
  An orange demon (D:9)
  An apocalypse crab (Abyss:3)
  2 gargoyles
  4 cane toads
  3 komodo dragons
  An efreet (D:13)
  A freezing wraith (D:13)
  2 kobold demonologists
  4 rime drakes
  An unseen horror (D:10)
  3 ice devils (Lair:4)
  A tengu conjurer (D:12)
  An ancient zyme (Abyss:3)
  3 trolls
  A hellwing (Abyss:1)
  13 polar bears
  A raiju (Abyss:1)
  A snapping turtle (Lair:2)
  3 blink frogs (Lair:4)
  4 shadows
  Sigmund (D:3)
  3 wraiths
  8 slime creatures
  A centaur simulacrum (D:13)
  2 dire elephant simulacra (Lair:4)
  2 vampires
  2 wyverns
  A yak (shapeshifter) (D:13)
  Eustachio (D:5)
  49 yaks
  A basilisk (Lair:1)
  A chaos spawn (Abyss:3)
  A neqoxec (Abyss:3)
  Grum (D:8)
  3 vampire mosquitoes (D:12)
  Menkaure (D:5)
  8 wargs
  2 acid dragons
  2 nagas (Lair:2)
  3 small abominations (Abyss:1)
  7 water moccasins
  An ice beast (D:6)
  44 orc warriors
  2 sky beasts (D:7)
  6 large abominations
  2 black bears
  9 ogres
  31 wolves
  7 centaurs
  6 phantoms
  11 kobold brigands
  2 gnoll sergeants
  7 bullfrogs
  6 scorpions
  15 wights
  A troll zombie (D:12)
  8 killer bees (D:9)
  2 howler monkeys
  3 electric eels (D:9)
  A jelly (D:5)
  4 centaur zombies (Ossuary)
  2 hounds
  2 gnoll boudas
  14 orc priests
  An iron imp (Abyss:3)
  Ijyb (D:3)
  21 orc wizards
  An iguana (D:4)
  A polar bear simulacrum (Lair:4)
  A wolf simulacrum (Lair:4)
  8 ogre zombies
  9 mummies
  Robin (D:3)
  19 gnolls
  2 river rats (Sewer)
  14 adders
  A naga simulacrum (Lair:4)
  A shadow imp (D:8)
  2 white imps (Lair:4)
  An ufetubus (D:6)
  3 adder zombies (Ossuary)
  4 worms
  4 dart slugs
  77 orcs
  6 bats
  15 endoplasms
  13 giant cockroaches
  2 gnoll zombies (Ossuary)
  11 goblins
  6 hobgoblins
  7 jackals
  6 quokkas
  15 ball pythons
  4 frilled lizards
  9 goblin zombies
  A hobgoblin skeleton (D:12)
  3 hobgoblin zombies
  44 kobolds
  5 kobold zombies (Ossuary)
  3 orc skeletons (D:12)
  14 orc zombies (D:12)
  3 quokka zombies (Ossuary)
  7 rats
  6 rat zombies (Ossuary)
  A butterfly (Lair:1)
783 creatures vanquished.

Vanquished Creatures (others)
  Sonja (Lair:2)
  2 orc wizards (Orc:1)
  An orc (D:8)
  A hobgoblin zombie (D:12)
  A lurking horror (Abyss:3)
  10 spectral weapons
  8 starspawn tentacles
24 creatures vanquished.

Grand Total: 807 creatures vanquished

Notes
Turn   | Place    | Note
-------+----------+-------------------------------------------
     0 | D:1      | Peloso the Minotaur Fighter began the quest for the Orb.
     0 | D:1      | Reached XP level 1. HP: 19/19 MP: 0/0
   233 | D:1      | Found a faded altar of an unknown god.
   238 | D:1      | Reached XP level 2. HP: 27/27 MP: 1/1
   360 | D:1      | Found Owanirgh's Antique Weapon Shoppe.
   386 | D:1      | You fall into a shaft and drop 1 floor!
   447 | D:2      | Reached XP level 3. HP: 33/33 MP: 2/2
   478 | D:2      | Reached skill level 4 in Shields
   546 | D:2      | Identified the +4 falchion "Seunyp" {flame, rPois Dex+3}
   628 | D:2      | Reached XP level 4. HP: 41/41 MP: 3/3
  1499 | D:3      | Noticed an ogre
  1501 | D:3      | Killed an ogre
  1502 | D:3      | Reached skill level 1 in Dodging
  1502 | D:3      | Reached XP level 5. HP: 47/47 MP: 4/4
  1537 | D:3      | Found a glowing drain.
  1566 | Sewer    | Entered a sewer
  1673 | Sewer    | Reached XP level 6. HP: 41/55 MP: 3/5
  1676 | Sewer    | Reached skill level 5 in Fighting
  1676 | Sewer    | Reached skill level 5 in Long Blades
  1676 | Sewer    | Reached skill level 5 in Armour
  2318 | D:3      | Reached skill level 1 in Stealth
  2419 | D:3      | Reached XP level 7. HP: 58/61 MP: 4/6
  2575 | D:3      | Noticed Ijyb
  2586 | D:3      | Killed Ijyb
  2619 | D:3      | Noticed Sigmund
  2643 | D:3      | Killed Sigmund
  2644 | D:3      | Reached skill level 5 in Shields
  2687 | D:3      | Identified the +6 chain mail of Trial and Error {Regen+}
  2953 | D:3      | Noticed Robin
  2960 | D:3      | Killed Robin
  3115 | D:4      | Found a sand-covered staircase.
  3125 | Ossuary  | Entered an ossuary
  3373 | Ossuary  | Reached XP level 8. HP: 70/70 MP: 7/7
  3877 | D:4      | Identified the +0 robe "Ygocujin" {Will+ MP+9 SInv}
  4191 | D:4      | Found a staircase to the Ecumenical Temple.
  4897 | Temple   | Entered the Ecumenical Temple
  5243 | Temple   | Became a worshipper of Warmaster Okawaru
  5349 | D:5      | Entered Level 5 of the Dungeon
  5530 | D:5      | Noticed Menkaure
  5535 | D:5      | Killed Menkaure
  5535 | D:5      | Reached * piety under Okawaru
  5560 | D:5      | Reached XP level 9. HP: 75/75 MP: 8/8
  5589 | D:5      | Identified the +0 robe of Day {rF++ rN+ Dex-3 Archmagi}
  5887 | D:5      | Noticed Eustachio
  5896 | D:5      | Killed Eustachio
  5897 | D:5      | Reached skill level 10 in Long Blades
  5897 | D:5      | Reached skill level 6 in Shields
  6170 | D:6      | Reached ** piety under Okawaru
  6684 | D:7      | Found a snail-covered altar of Cheibriados.
  6821 | D:7      | Identified the +0 scale mail "Naraont" {Drain Str+5}
  7011 | D:7      | Reached skill level 7 in Shields
  7030 | D:7      | Reached *** piety under Okawaru
  7121 | D:7      | Identified the +4 scale mail "Yres" {rN+ Will- Str+2}
  7311 | D:7      | Reached XP level 10. HP: 86/86 MP: 9/9
  7451 | D:8      | Identified the +1 plate armour "Dojuef" {rF+ Will+ Dex+4
                  | SInv}
  7502 | D:8      | Noticed Joseph
  7544 | D:8      | Killed Joseph
  7571 | D:8      | Found a transporter.
  7603 | D:8      | Found a bloodstained altar of Trog.
  7603 | D:8      | Noticed ripuliukko's ghost (novice DEEE)
  7611 | D:8      | Noticed a moth of wrath
  7623 | D:8      | Found a transporter.
  7624 | D:8      | Noticed Grum
  7625 | D:8      | Noticed a two-headed ogre
  7650 | D:8      | Killed Grum
  7751 | D:8      | Found an opulent altar of Gozag.
  8122 | D:8      | Noticed Maurice
  8140 | D:8      | Killed Maurice
  8458 | D:8      | Received a gift from Okawaru
  8467 | D:8      | Reached skill level 8 in Shields
  8706 | D:9      | Noticed a two-headed ogre
  8714 | D:9      | Killed a two-headed ogre
  8715 | D:9      | Reached skill level 10 in Armour
  8745 | D:9      | Reached **** piety under Okawaru
  8816 | D:9      | Reached XP level 11. HP: 83/94 MP: 10/10
  8858 | D:9      | Reached skill level 9 in Shields
  9225 | D:9      | Reached skill level 10 in Shields
  9664 | D:10     | Entered Level 10 of the Dungeon
  9707 | D:10     | Reached ***** piety under Okawaru
  9736 | D:10     | Reached skill level 1 in Invocations
  9810 | D:10     | Reached skill level 11 in Shields
  9923 | D:10     | Noticed a two-headed ogre
  9939 | D:10     | Killed a two-headed ogre
  9940 | D:10     | Reached skill level 5 in Dodging
  9968 | D:10     | Noticed Harold
  9996 | D:10     | Killed Harold
 10245 | D:10     | Found a staircase to the Lair.
 10303 | D:10     | Noticed a two-headed ogre
 10319 | D:10     | Killed a two-headed ogre
 10374 | D:10     | Noticed a centaur warrior
 10377 | D:10     | Killed a centaur warrior
 10377 | D:10     | Received a gift from Okawaru
 10378 | D:10     | Reached skill level 12 in Shields
 10378 | D:10     | Noticed an ogre mage
 10387 | D:10     | Killed an ogre mage
 10387 | D:10     | Reached ****** piety under Okawaru
 10388 | D:10     | Reached XP level 12. HP: 104/104 MP: 10/12
 11395 | D:12     | Found a staircase to the Orcish Mines.
 11424 | D:12     | Reached skill level 13 in Shields
 11666 | D:12     | Noticed a two-headed ogre
 11674 | D:12     | Killed a two-headed ogre
 11674 | D:12     | Received a gift from Okawaru
 11675 | D:12     | Reached skill level 10 in Fighting
 11811 | D:12     | Identified the +1 trident "Basud" {vamp, +Blink Str+3}
 12358 | Lair:1   | Entered Level 1 of the Lair of Beasts
 13144 | Lair:2   | Found a staircase to the Snake Pit.
 13157 | Lair:2   | Reached skill level 14 in Shields
 13681 | Lair:2   | Noticed Sonja
 13706 | Lair:2   | Killed Sonja
 13863 | Lair:2   | Found a staircase to the Shoals.
 14241 | Lair:3   | Noticed a death yak
 14276 | Lair:3   | Killed a death yak
 14318 | Lair:3   | Noticed an eight-headed hydra
 14332 | Lair:3   | Killed a two-headed hydra
 14333 | Lair:3   | Reached XP level 13. HP: 89/116 MP: 13/13
 14408 | Lair:3   | Found a runed translucent door.
 14648 | Lair:3   | Identified the +10 falchion of Yesterday {spect, rElec rC+
                  | Dex+3 Stlth-}
 15176 | Lair:3   | Identified the +1 hat of Inviolability {+Inv} (Okawaru
                  | gifted it to you on level 3 of the Lair of Beasts)
 15176 | Lair:3   | Received a gift from Okawaru
 15393 | Lair:4   | Reached skill level 15 in Long Blades
 15475 | Lair:4   | Reached skill level 15 in Shields
 16522 | D:13     | Found a frozen archway.
 16560 | IceCv    | Entered an ice cave
 16658 | IceCv    | Reached skill level 16 in Shields
 16845 | IceCv    | Identified the +1 scale mail "Awukoh" {Rampage Fly rC-
                  | Dex+4} (Okawaru gifted it to you in an ice cave)
 16845 | IceCv    | Received a gift from Okawaru
 17019 | IceCv    | Reached XP level 14. HP: 74/126 MP: 14/14
 17123 | IceCv    | Noticed a frost giant
 17160 | IceCv    | Killed a frost giant
 17241 | IceCv    | Got the Incunable of the Blizzard
 17594 | D:13     | Found a gate to the Vaults.
 17611 | D:13     | Reached skill level 17 in Shields
 17695 | D:13     | Found a transporter.
 17856 | D:13     | Found a transporter.
 17856 | D:13     | Identified the +1 sling "Wacik" {flame, Int+5}
 17887 | D:13     | Found a one-way gate to the infinite horrors of the Abyss.
 17930 | D:13     | Noticed IndexError's ghost (journeyman MiFi)
 18083 | D:13     | Received a gift from Okawaru
 18199 | D:13     | Noticed Erolcha
 18204 | Abyss:1  | Noticed a tentacled starspawn
 18204 | Abyss:1  | Cast into level 1 of the Abyss (Erolcha)
 18221 | Abyss:1  | Killed a tentacled starspawn
 18387 | Abyss:1  | Noticed a lich
 18390 | Abyss:1  | Found a corrupted altar of Lugonu.
 18399 | Abyss:1  | Killed a lich
 18462 | D:13     | Escaped the Abyss
 18473 | D:13     | Killed Erolcha
 19017 | D:8      | Killed ripuliukko's ghost
 19018 | D:8      | Reached skill level 18 in Shields
 19199 | Orc:1    | Entered Level 1 of the Orcish Mines
 19792 | Orc:2    | Entered Level 2 of the Orcish Mines
 19792 | Orc:2    | Noticed an orc warlord
 19846 | Orc:2    | Killed an orc warlord
 20112 | Orc:2    | Found Zucomef's Distillery.
 20136 | Orc:2    | Identified the +0 robe of Magic {-Tele SInv Stlth+}
                  | (Okawaru gifted it to you on level 2 of the Orcish Mines)
 20136 | Orc:2    | Received a gift from Okawaru
 20137 | Orc:2    | Reached XP level 15. HP: 72/136 MP: 15/15
 20231 | Orc:2    | Bought a potion of heal wounds for 60 gold pieces
 20231 | Orc:2    | Bought a potion of heal wounds for 60 gold pieces
 20231 | Orc:2    | Bought a potion of heal wounds for 60 gold pieces
 20245 | Orc:2    | Found Uthene Xyko's General Store.
 20381 | Orc:2    | Found Cuisetri's Assorted Antiques.
 20381 | Orc:2    | Found Lomyr's Armour Boutique.
 20560 | Orc:2    | Found a staircase to the Elven Halls.
 20701 | Orc:2    | Noticed Urug
 20711 | Orc:2    | Killed Urug
 21332 | Abyss:3  | Cast into level 3 of the Abyss (a wizard)
 21334 | Abyss:3  | Found a corrupted altar of Lugonu.
 21365 | Abyss:3  | Noticed a tentacled starspawn
 21395 | Abyss:3  | Found a corrupted altar of Lugonu.
 21472 | Abyss:3  | Found a corrupted altar of Lugonu.
 21607 | Abyss:3  | Reached skill level 19 in Shields
 21616 | Abyss:3  | Gained mutation: Your magical capacity is very low. (-20%
                  | MP) [a neqoxec]
 21617 | Abyss:3  | Lost intelligence.
 21662 | Abyss:3  | HP: 3/137 [green death/poison arrow (5)]
 21666 | Abyss:3  | Mangled by a green death

Illustrated notes

Levels and vault maps discovered:
D:1:      dpeg_arrival_rooms_c, layout_basic, serial_shops, shop,
          hellmonk_ecumenical_altar_run_dry, minmay_stone_trees_small,
          minmay_hexomino_p4
D:2:      layout_basic, hangedman_feature_mirror
D:3:      minmay_octagon_keep, layout_loops_ring, portal_sewer_entry_a,
          uniq_sigmund, uniq_ijyb, uniq_robin
D:4:      minmay_inner_zag, layout_loops_corners, lemuel_temple_firewalk_b,
          gup_ossuary_entry_pyramid
D:5:      layout_basic, uniq_menkaure, uniq_eustachio
D:6:      layout_loops_ring
D:7:      layout_rooms, slow_altar_1, serial_co_window_serial,
          co_window_paths_a, co_window_paths_b, co_window_paths_b,
          co_window_paths_b, co_window_corner_a, co_window_broadway_c,
          co_window_2corner, co_window_cross_3, co_window_paths_d
D:8:      layout_basic, mainiacjoe_overflow_surrounded_room,
          gammafunk_ghost_wrathful_warriors, uniq_grum, uniq_joseph,
          uniq_maurice
D:9:      layout_basic, nrook_mini_backslash, minivault_26, uniq_amaemon
D:10:     layout_irregular_city, lair_entry_dummy, hangedman_corner_corridor,
          uniq_harold
D:11:     layout_long_grid
D:12:     layout_irregular_city, zombieorc2_lemuel
D:13:     layout_basic, david_vaults_5, gammafunk_ghost_abyssal_escape,
          portal_ice_cave_rime, uniq_erolcha
D:14:     layout_roguey, grunt_decor_one_mirror, uniq_agnes, uniq_azrael
Temple:   mainiacjoe_temple_big_plus
Lair:1:   layout_regular_city, lemuel_fruit_fields
Lair:2:   layout_misc_corridors, minmay_shoals_entry_hut,
          guppyfry_snake_entry_island, chequers_serial_rivers_small_b,
          uniq_sonja
Lair:3:   gammafunk_lair_enchanted_lake, layout_cave_pods, serial_bayou_shore_b
Lair:4:   dreamdust_isle_of_ice, layout_loops_ring, serial_rivers,
          chequers_serial_rivers_micro_e, chequers_serial_rivers_small_a,
          chequers_serial_rivers_small_a, chequers_serial_rivers_micro_b,
          chequers_serial_rivers_small_b, chequers_serial_rivers_micro_a
Orc:1:    layout_caves
Orc:2:    st_orc_town, layout_diamond_mine, basic_altar, uniq_urug
Abyss:3:  base: D:12, eino_small_chamber_without_monster,
          evilmike_abyss_exit_11, evilmike_abyss_rune_tso_outpost,
          evilmike_abyss_rune_tso_outpost, bh_silent_lugonu_exit

Skill      XL: |  1  2  3  4  5  6  7  8  9 10 11 12 13 14 15 |
---------------+----------------------------------------------+-----
Fighting       | 4 5 6 7 8 9 11 12 13 | 13.6
Long Blades    | 3 4 5 7 9 11 13 14 15 16 | 16.6
Armour         | 4 5 6 7 8 10 11 12 13 | 13.8
Shields        | 4 5 7 8 12 14 16 18 19 | 19.0
Dodging        | 1 2 3 4 5 6 7 8 |  8.3
Stealth        | 1 2 3 4 |  4.0
Invocations    | 1 2 |  2.0

Action                     |  1- 3 |  4- 6 |  7- 9 | 10-12 | 13-15 || total
---------------------------+-------+-------+-------+-------+-------++-------
  Melee: Long sword        |     6 |       |       |       |       ||     6
         Headbutt          |     9 |    17 |    89 |   249 |   307 ||   671
         Falchion          |    45 |   127 |   467 |   915 |  1080 ||  2634
 Invoke: Heroism           |       |       |       |     6 |     3 ||     9
  Evoke: Wand              |       |       |       |     3 |       ||     3
    Use: Scroll            |       |       |    15 |    10 |     3 ||    28
         Potion            |       |       |       |       |     8 ||     8
   Stab: Distracted        |       |       |       |       |    16 ||    16
         Sleeping          |       |       |       |       |     1 ||     1
 Armour: Scale mail        |    31 |    31 |    10 |       |       ||    72
         Chain mail        |       |       |   167 |   266 |   309 ||   742
  Dodge: Dodged            |    35 |    60 |   125 |   214 |   263 ||   697
  Block: Buckler           |    13 |    29 |    11 |       |       ||    53
         Kite shield       |       |       |   198 |   593 |   927 ||  1718
         Reflection        |       |       |       |    23 |    47 ||    70
